 Dungeon Crawl Stone Soup version 0.20-a0-351-gc9b4002 (webtiles) character file.

5305 shitimlost the Grappler (level 10, -16/56 HPs)
             Began as a Vine Stalker Transmuter on Dec 25, 2016.
             Was a Priest of Okawaru.
             Demolished by a two-headed ogre
             ... wielding a +0 giant club
              (23 damage)
             ... on level 9 of the Dungeon.
             The game lasted 00:24:24 (8959 turns).

shitimlost the Grappler (Vine Stalker Transmuter)   Turns: 8959, Time: 00:24:25

Health: -16/56     AC:  4    Str: 16    XL:     10   Next: 64%
Magic:  0/23       EV: 12    Int: 13    God:    Okawaru [***...]
Gold:   93         SH:  0    Dex: 15    Spells: 5/13 levels left

rFire  . . .     SeeInvis .       - Unarmed
rCold  . . .     Gourm    .     u - +0 robe "Cutio" {rCorr Slay+2 Stlth+}
rNeg   . . .     Faith    .     (no shield)
rPois  +         Spirit   +     g - +1 helmet
rElec  .         Reflect  .     (no cloak)
rCorr  +         Harm     .     (no gloves)
MR     +....                    (no boots)
Stlth  ++........               f - amulet of magic regeneration
                                s - ring of poison resistance
                                m - ring of magical power

@: no status effects
A: fangs 3, regeneration 1, magic shield, antimagic bite, no device heal 3, rot
immunity
a: Heroism, Renounce Religion


You were on level 9 of the Dungeon.
You worshipped Okawaru.
Okawaru was most pleased with you.
You were not hungry.

You visited 2 branches of the dungeon, and saw 10 of its levels.
You also visited: Ossuary.

You collected 513 gold pieces.
You spent 420 gold pieces at shops.

Inventory:

Hand Weapons
 p - a +0 dagger
 r - a cursed -3 dagger
 w - a +0 shortbow
 F - a +3 great sword
 L - a +3 falchion of freezing
Missiles
 a - 249 arrows
 h - 255 stones (quivered)
 t - 91 sling bullets
Armour
 b - a +0 robe
 g - a +1 helmet (worn)
 k - a +0 ring mail
 l - a cursed +0 chain mail
 n - a +1 leather armour
 u - the +0 robe "Cutio" (worn) {rCorr Slay+2 Stlth+}
   (You found it on level 4 of the Dungeon)

   It affects your accuracy and damage with ranged weapons and melee attacks
   (+2).
   It protects you from acid and corrosion.
   It makes you more stealthy.
Jewellery
 e - a +4 ring of evasion
 f - an amulet of magic regeneration (around neck)
 m - a ring of magical power (left hand)
 q - an uncursed amulet of guardian spirit
 s - a ring of poison resistance (right hand)
Wands
 B - a wand of digging (12/24)
 H - a wand of confusion (17/48)
 I - a wand of confusion (13/48)
 M - a wand of polymorph (15/24)
 N - a wand of paralysis (5/24)
Scrolls
 v - 2 scrolls of teleportation
 x - a scroll of fear {unknown}
 z - 2 scrolls of vulnerability
 D - 4 scrolls of remove curse
Potions
 o - a potion of haste
 C - 2 potions of curing
 E - a potion of lignification
 G - a potion of resistance
 J - 2 potions of invisibility
 K - 2 potions of berserk rage {unknown}
Books
 c - a book of Changes

   Spells                             Type                      Level
   a - Beastly Appendage              Transmutation                1
   b - Sticks to Snakes               Transmutation                2
   c - Spider Form                    Transmutation/Poison         3
   d - Ice Form                       Ice/Transmutation            4
   e - Blade Hands                    Transmutation                5
 y - a book of Callings

   Spells                             Type                      Level
   a - Summon Small Mammal            Summoning                    1
   b - Call Imp                       Summoning                    2
   c - Call Canine Familiar           Summoning                    3
   d - Summon Guardian Golem          Hexes/Summoning              3
   e - Summon Lightning Spire         Summoning/Air                4
   f - Summon Ice Beast               Ice/Summoning                4
Comestibles
 d - 5 bread rations
 i - 6 meat rations
 j - 2 beef jerkies


   Skills:
 + Level 8.1 Fighting
 - Level 1.6 Dodging
 + Level 9.5 Unarmed Combat
 - Level 2.3 Spellcasting
 + Level 9.2 Transmutations


You had 5 spell levels left.
You knew the following spells:

 Your Spells              Type           Power        Failure   Level  Hunger
a - Beastly Appendage     Tmut           ####..       1%          1    #......
b - Sticks to Snakes      Tmut           ####....     1%          2    ###....
c - Blade Hands           Tmut           ####......   17%         5    ######.


Dungeon Overview and Level Annotations

Branches:
Dungeon (9/15)             Temple (1/1) D:6
   Lair: D:8-11         Orc: D:9-12

Altars:
Cheibriados
Dithmenos
Elyvilon
Hepliaklqana
Makhleb
Nemelex Xobeh
Okawaru
Qazlal
Trog
Uskayaw
Xom
The Shining One

Shops:
D:7 =


Innate Abilities, Weirdness & Mutations

You have razor-sharp teeth.
Your natural rate of healing is unusually fast.
When hurt, damage is shared between your health and your magic reserves.
Your bite disrupts and absorbs the magic of your enemies.
Potions cannot restore your health.
You are immune to rotting.


Message History

The yak is heavily wounded.
You pummel the yak!!
You kill the yak!
Okawaru accepts your kill.
Things that are here:
a yak corpse x2
You feel like a meek peon again.
There is an open door here.
The two-headed ogre hits you with a giant club!
The two-headed ogre closely misses you.
You hit the two-headed ogre. You bite the two-headed ogre. You drain its power.
You feel invigorated.
The two-headed ogre is lightly wounded.
The two-headed ogre hits you with a giant club!!!
The two-headed ogre hits you with a dire flail!!
* * * LOW HITPOINT WARNING * * *
You completely miss the two-headed ogre.
The two-headed ogre is lightly wounded.
The two-headed ogre hits you with a giant club!!
You die...

######### #.# #. #.#
####. #.## #.... ...
#)### ###'#### ##'###
#......#### #..[..
#...>..'..## #.....
#......##..## #.....
#...@..###..####.....
+...O..# ##..†.'.....
#......# ######.....
#.(....# ######
########


You could see a two-headed ogre.

Vanquished Creatures
  Pikel (D:7)
  An ugly thing (D:9)
  Joseph (D:7)
  A troll (D:9)
  A hippogriff (D:8)
  4 yaks (D:9)
  2 wraiths (Ossuary)
  Eustachio (D:6)
  A hungry ghost (D:8)
  A water moccasin (D:8)
  A slave (D:7)
  2 sky beasts
  A phantom (D:5)
  3 ogres
  6 centaurs
  A big kobold (D:8)
  5 bullfrogs
  A wyvern zombie (D:7)
  2 scorpions
  2 wights (Ossuary)
  A crimson imp (D:5)
  4 hounds
  A bullfrog skeleton (D:4)
  3 bullfrog zombies
  3 centaur skeletons
  3 orc priests
  2 orc wizards
  A gnoll shaman (D:7)
  An iguana (D:4)
  5 worker ants
  A killer bee zombie (D:6)
  A hound skeleton (D:6)
  4 gnolls (D:7)
  5 adders
  A shadow imp (D:7)
  An ooze (D:1)
  A worm (D:2)
  A dart slug (D:1)
  4 leopard geckos
  22 orcs
  10 giant cockroaches
  6 goblins
  2 hobgoblins
  4 jackals
  2 quokkas
  A ball python (D:6)
  2 ball python skeletons (Ossuary)
  A bat (D:2)
  5 frilled lizards
  2 hobgoblin skeletons (Ossuary)
  2 hobgoblin zombies (Ossuary)
  A jackal skeleton (D:8)
  10 kobolds
  A leopard gecko skeleton (D:5)
  An orc skeleton (Ossuary)
  2 orc zombies (Ossuary)
  2 rats (D:1)
157 creatures vanquished.

Vanquished Creatures (collateral kills)
  A gnoll (D:7)
1 creature vanquished.

Vanquished Creatures (others)
  A slave (D:9)
  A howler monkey (D:7)
  An orc priest (D:4)
  An orc (D:4)
4 creatures vanquished.

Grand Total: 162 creatures vanquished

Notes
Turn   | Place    | Note
-------+----------+-------------------------------------------
     0 | D:1      | shitimlost the Vine Stalker Transmuter began the quest for the Orb.
     0 | D:1      | Reached XP level 1. HP: 9/9 MP: 4/4
   115 | D:1      | Reached skill level 1 in Fighting
   146 | D:1      | Reached XP level 2. HP: 2/14 MP: 0/6
   515 | D:1      | Found a glowing golden altar of the Shining One.
  1056 | D:1      | Reached XP level 3. HP: 10/18 MP: 2/7
  1484 | D:2      | You fall through a shaft!
  1660 | D:3      | Found a stormy altar of Qazlal.
  1675 | D:3      | Learned a level 2 spell: Sticks to Snakes
  1746 | D:3      | Gained mutation: Your natural rate of healing is unusually fast. [Vine Stalker growth]
  1746 | D:3      | Reached XP level 4. HP: 7/23 MP: 6/8
  2266 | D:4      | Got a slimy robe
  2280 | D:4      | Reached XP level 5. HP: 13/27 MP: 7/9
  2507 | D:4      | Reached XP level 6. HP: 3/32 MP: 3/10
  2774 | D:4      | Learned a level 5 spell: Blade Hands
  3001 | D:4      | HP: 1/32 [poisoned by a scorpion]
  3014 | D:4      | HP: 1/32 [scorpion (4)]
  3221 | D:5      | Entered Level 5 of the Dungeon
  3272 | D:5      | Reached XP level 7. HP: 29/36 MP: 11/11
  3295 | D:5      | Reached skill level 5 in Unarmed Combat
  3596 | D:5      | Reached skill level 5 in Transmutations
  3957 | D:5      | Gained mutation: You have razor-sharp teeth. [Vine Stalker growth]
  3957 | D:5      | Reached XP level 8. HP: 29/42 MP: 12/12
  4382 | D:6      | Found a sand-covered staircase.
  4390 | Ossuary  | Entered an ossuary
  4497 | Ossuary  | Noticed a flying skull
  4497 | Ossuary  | Noticed a wraith
  4504 | Ossuary  | Noticed a flying skull
  4506 | Ossuary  | Noticed a flying skull
  4509 | Ossuary  | Noticed a wraith
  4522 | Ossuary  | Killed a wraith
  4602 | Ossuary  | Noticed a flying skull
  4603 | Ossuary  | Noticed a flying skull
  4669 | Ossuary  | Noticed a wraith
  4688 | Ossuary  | Killed a wraith
  4688 | Ossuary  | Reached skill level 5 in Fighting
  5326 | D:6      | Identified the +0 robe "Cutio" {rCorr Slay+2 Stlth+} (You found it on level 4 of the Dungeon)
  5362 | D:6      | Found a staircase to the Ecumenical Temple.
  5371 | Temple   | Entered the Ecumenical Temple
  5446 | Temple   | Became a worshipper of Warmaster Okawaru
  5655 | D:6      | Noticed Eustachio
  5689 | D:6      | Killed Eustachio
  5821 | D:6      | Reached XP level 9. HP: 48/48 MP: 13/13
  6280 | D:7      | Noticed Joseph
  6296 | D:7      | Killed Joseph
  6296 | D:7      | Reached * piety under Okawaru
  6854 | D:7      | Noticed Pikel
  6957 | D:7      | Found Imolegi's Jewellery Shop.
  6983 | D:7      | Killed Pikel
  7155 | D:7      | Reached ** piety under Okawaru
  7766 | D:7      | Bought an uncursed amulet of magic regeneration for 420 gold pieces
  8034 | D:8      | Reached XP level 10. HP: 24/55 MP: 14/14
  8122 | D:8      | Found a burning altar of Makhleb.
  8736 | D:9      | Noticed a green ugly thing
  8745 | D:9      | Killed a green ugly thing
  8745 | D:9      | Reached *** piety under Okawaru
  8916 | D:9      | Noticed a two-headed ogre
  8959 | D:9      | Demolished by a two-headed ogre

Vault maps used:
D:1:      minmay_arrival_up_and_down, st_stairs_3, tso_altar
D:2:      kennysheep_goblin_castle, marbit_many_paths, lemuel_flame_loot_1
D:3:      overflow_temple_1_default
D:5:      first_bread
D:6:      nicolae_ossuary_entry_plus, serial_co_window_serial,
          co_window_paths_a, co_window_paths_a, co_window_corner_a,
          co_window_of_opportunity_a, co_window_paths_b, co_window_corner_b,
          co_window_2corner, co_window_2corner, co_window_paths_d,
          glass_columns_a, uniq_eustachio
D:7:      serial_shops, shop_coins, uniq_pikel, uniq_joseph
D:8:      kennysheep_little_box
Temple:   dpeg_five_rooms_temple
Ossuary:  ossuary_due_cavern

Skill      XL: |  1  2  3  4  5  6  7  8  9 10 |
---------------+-------------------------------+-----
Fighting       | 1 2 3 4 5 7 8 |  8.1
Transmutations | 3 4 5 6 8 9 |  9.2
Unarmed Combat | 4 5 7 8 9 |  9.5
Dodging        | |  1.6
Spellcasting   | |  2.3

Action                   |  1- 3 |  4- 6 |  7- 9 | 10-12 || total
-------------------------+-------+-------+-------+-------++-------
Melee: Unarmed           |   105 |   165 |   359 |    73 ||   702
       Bite              |    23 |    47 |   125 |    23 ||   218
       Punch             |     2 |     2 |    14 |     2 ||    20
       Headbutt          |       |     1 |       |       ||     1
       Kick              |       |       |       |     1 ||     1
 Fire: Shortbow          |       |       |    14 |       ||    14
Throw: Stone             |       |     3 |     1 |       ||     4
 Cast: Beastly Appendage |       |     1 |       |     1 ||     2
       Sticks to Snakes  |       |       |     4 |       ||     4
Invok: Heroism           |       |       |       |     2 ||     2
  Use: Scroll            |     3 |     6 |     8 |     1 ||    18
       Potion            |     1 |     4 |     1 |     2 ||     8
 Stab: Sleeping          |     2 |       |     7 |     2 ||    11
  Eat: Chunk             |     2 |     3 |    11 |     3 ||    19
       Royal jelly       |       |     1 |       |       ||     1
       Fruit             |       |       |     7 |       ||     7
       Pizza             |       |       |     1 |       ||     1
Armor: Robe              |     5 |       |     9 |       ||    14
       Leather armour    |     4 |    25 |    18 |       ||    47
       Skin              |     1 |     2 |       |       ||     3
Dodge: Dodged            |    53 |    99 |   237 |    48 ||   437
